 Dungeon Crawl Stone Soup version 0.29-a0-668-g12ee2bf84d (webtiles) character file.

Game seed: 918887141192796127

37 dolemite99 the Skirmisher (level 3, -2/39 HPs)
             Began as an Ogre Chaos Knight on June 24, 2022.
             Was a Plaything of Xom.
             Slain by Robin
             ... wielding a +0 spear
              (5 damage)
             ... on level 2 of the Dungeon.
             The game lasted 00:01:17 (1055 turns).

dolemite99 the Skirmisher (Ogre Chaos Knight)       Turns: 1055, Time: 00:01:17

Health: -2/39      AC:  5    Str: 18    XL:     3   Next: 39%
Magic:  2/2        EV:  9    Int: 13    God:    Xom [..*...]
Gold:   40         SH:  0    Dex:  8    Spells: 2/2 levels left

rFire   . . .      SeeInvis .   b - +1 whip (flame)
rCold   . . .      Faith    .   (no shield)
rNeg    . . .      Spirit   .   l - +2 robe
rPois   .          Reflect  .   (helmet restricted)
rElec   .          Harm     .   (no cloak)
rCorr   .          Rampage  .   (gloves unavailable)
Will    .....                   (boots unavailable)
Stlth   +.........              (no amulet)
HPRegen 0.13/turn               (no ring)
MPRegen 0.08/turn               (no ring)

@: brilliant, flying
A: large, unfitting armour, tough skin 1, low MP 1
a: Renounce Religion


You were on level 2 of the Dungeon.
You worshipped Xom.
You were a toy of Xom.
You visited 1 branch of the dungeon, and saw 2 of its levels.

You collected 59 gold pieces.
You spent 19 gold pieces at shops.

Inventory:

Hand Weapons
 a - a +0 mace of chaos
 b - a +1 whip of flaming (weapon)
Missiles
 i - a poisoned dart (quivered)
Armour
 g - a +0 pair of gloves
 l - a +2 robe (worn)
Scrolls
 e - a scroll of torment {unknown}
 j - a scroll of enchant weapon {unknown}
 k - 2 scrolls of noise {unknown}
Miscellaneous
 c - a piece from Xom's chessboard (inert)


   Skills:
 - Level 4.0 Fighting
 + Level 4.0 Maces & Flails
 - Level 2.1 Dodging


You had 2 spell levels left.
You didn't know any spells.
Your spell library was empty.

Dungeon Overview and Level Annotations

Branches:
Dungeon (2/15)

Altars:

Shops:
D:1 *

Annotations:
D:2 Robin


Innate Abilities, Weirdness & Mutations

You are too large for most types of armour.
You have tough skin. (AC +1)
Your magical capacity is low. (-10% MP)


Message History

The goblin hits you with a +0 dagger.
You see here 2 poisoned darts.
You miss the goblin. Robin hits you but does no damage.
The goblin hits you but does no damage. The goblin misses you.
It was a potion of flight.
You feel very buoyant.
You fly up into the air.
Xom thinks this is hilarious!
The goblin closely misses you.
Robin hits you from afar with a +0 spear.
The goblin hits you but does no damage. The goblin attacks as you move away!
The goblin barely misses you. The goblin hits you but does no damage.
The goblin attacks as you move away! The goblin barely misses you.
Okay, then.
You hit the goblin. You burn the goblin.
You kill the goblin!
Robin hits you from afar with a +0 spear.
Your Maces & Flails skill increases to level 4!
Robin throws the goblin at you! The goblin hits you with a +0 club.
* * * LOW HITPOINT WARNING * * *
Things that are here:
a +0 dagger; a goblin corpse It was a potion of brilliance.
You feel clever all of a sudden. Robin hits you but does no damage.
The goblin hits you with a +0 club.
* * * LOW HITPOINT WARNING * * *
It was a potion of mutation.
You feel extremely strange.
You feel less energetic. Robin hits you but does no damage.
The goblin closely misses you.
You hit Robin but do no damage. Robin hits you but does no damage.
The goblin hits you with a +0 club.
* * * LOW HITPOINT WARNING * * *
You hit Robin but do no damage. Robin hits you with a +0 spear.
* * * LOW HITPOINT WARNING * * *
The goblin barely misses you.
You hit the goblin. You burn the goblin.
You kill the goblin!
Robin hits you with a +0 spear.
You die...

#. ... ....# . #.
#.# #... .. #.##.#
#..# ..##.##.#####
#..# ........#...#
#..#
............####.(#
...........).).)g(#
........##.######g#
.....>..##.....)@.#
#.##.##.###########
#..<....# .....####
######


You could see Robin.

Vanquished Creatures
  3 bats (D:1)
  An endoplasm (D:1)
  2 giant cockroaches (D:1)
  9 goblins
  7 hobgoblins
  3 jackals (D:1)
  2 kobolds (D:1)
  A ball python (D:1)
  A frilled lizard (D:1)
29 creatures vanquished.

Notes
Turn   | Place    | Note
-------+----------+-------------------------------------------
     0 | D:1      | dolemite99 the Ogre Chaos Knight began the quest for the
                  | Orb.
     0 | D:1      | Reached XP level 1. HP: 24/24 MP: 1/1
   101 | D:1      | Reached XP level 2. HP: 25/32 MP: 2/2
   304 | D:1      | XOM: silly message
   461 | D:1      | Found a faded altar of an unknown god.
   596 | D:1      | Found Naclawk's General Store.
   632 | D:1      | Bought 4 poisoned darts for 19 gold pieces
   655 | D:1      | XOM: divination: detect items
  1018 | D:2      | Reached XP level 3. HP: 39/39 MP: 3/3
  1029 | D:2      | Noticed Robin
  1052 | D:2      | Gained mutation: Your magical capacity is low. (-10% MP)
                  | [potion of mutation]
  1055 | D:2      | Slain by Robin

Illustrated notes

Levels and vault maps discovered:
D:1:      dpeg_arrival_water_temple_mockup, layout_basic,
          ebering_ecumenical_altar_abandoned, serial_shops,
          nicolae_shop_advertising_works [nicolae_subvault_shop_adworks],
          st_stairs_3
D:2:      layout_loops_ring, serial_shops, nicolae_lakefront_shop, uniq_robin

Skill      XL: |  1  2  3 |
---------------+----------+-----
Maces & Flails | 3 4 |  4.0
Fighting       | |  4.0
Dodging        | |  2.1

Action                   || total
-------------------------++-------
Melee: Mace              ||    39
       Whip              ||    26
Throw: Dart              ||     6
Evoke: Piece from Xom's  ||    16
  Use: Potion            ||     3
Armor: Robe              ||    52
Dodge: Dodged            ||    41

Table legend: (Time is in decaauts)
 A = Elapsed time spent in this place.
 B = Non-inter-level travel time spent in this place.
 C = Inter-level travel time spent in this place.
 D = Time resting spent in this place.
 E = Time spent auto-exploring this place.
 F = Levels seen in this place.
 G = Mean time per level.
                   A        B        C        D        E       F      G
               +--------+--------+--------+--------+--------+-----+--------+
         Total |   1060 |    954 |    106 |      0 |    741 |   2 |  530.0 |
       Dungeon |   1060 |    954 |    106 |      0 |    741 |   2 |  530.0 |
               +--------+--------+--------+--------+--------+-----+--------+

Top non-repeatable levels by time:
     D:1: 1008 daAuts
     D:2: 52 daAuts
